 Dungeon Crawl Stone Soup version 0.29-a0-286-g41199d4a87 (webtiles) character file.

Game seed: 13477730778485989207

185 Kizar the Vexing (level 5, -10/24 HPs)
             Began as a Spriggan Enchanter on Mar 16, 2022.
             Killed from afar by Ijyb (22 damage)
             ... with a bolt of acid
             ... on level 4 of the Dungeon.
             The game lasted 00:07:24 (3585 turns).

Kizar the Vexing (Spriggan Enchanter)               Turns: 3585, Time: 00:07:24

Health: -10/24     AC:  3    Str: 12    XL:     5   Next: 37%
Magic:  6/13       EV: 17    Int: 15    God:
Gold:   169        SH:  0    Dex: 15    Spells: 6/14 levels left

rFire   . . .      SeeInvis +   i - +3 dagger (venom)
rCold   + . .      Faith    .   (no shield)
rNeg    . . .      Spirit   .   b - +0 robe
rPois   .          Reflect  .   (helmet restricted)
rElec   .          Harm     .   k - +0 cloak
rCorr   .          Rampage  .   (gloves unavailable)
Will    .....                   (boots unavailable)
Stlth   +++.......              (no amulet)
HPRegen 0.08/turn               g - +6 ring of strength
MPRegen 0.13/turn               (no ring)

@: very slightly contaminated, very quick
A: very small, no large weapons, unfitting armour, see invisible, speed 3, cold
resistance 1, dopey 1, wild magic 1
a: no special abilities


You were on level 4 of the Dungeon.
You visited 1 branch of the dungeon, and saw 4 of its levels.

You collected 169 gold pieces.

Inventory:

Hand Weapons
 a - a +1 dagger
 i - a +3 dagger of venom (weapon)
Armour
 b - a +0 robe (worn)
 k - a +0 cloak (worn)
Jewellery
 g - a +6 ring of strength (left hand)
Scrolls
 j - a scroll of magic mapping
 l - 2 scrolls of teleportation
Potions
 c - a potion of invisibility
 d - 4 potions of curing
 e - a potion of magic
 f - 3 potions of resistance
 h - a potion of heal wounds
 m - a potion of might {unknown}


   Skills:
 - Level 1.1 Short Blades
 - Level 2.6 Dodging
 - Level 4.4 Stealth
 + Level 5.2 Spellcasting
 + Level 5.8 Hexes


You had 6 spell levels left.
You knew the following spells:

 Your Spells              Type           Power      Damage    Failure   Level
a - Ensorcelled Hibernat  Hex/Ice        32%        N/A       12%         2
b - Tukima's Dance        Hex            28%        N/A       7%          3
d - Confusing Touch       Hex            28%        N/A       7%          3

Your spell library contained the following spells:

 Spells                   Type           Power      Damage    Failure   Level
 Dazzling Flash           Conj/Hex       32%        N/A       21%         3
 Cause Fear               Hex            14%        N/A       21%         4
 Beastly Appendage        Tmut           10%        N/A       22%         1
 Wereblood                Tmut           5%         N/A       32%         2
 Spider Form              Tmut/Pois      5%         N/A       52%         3
 Dragon Form              Tmut           2%         N/A       100%        7
 Dragon's Call            Summ           2%         N/A       100%        9


Dungeon Overview and Level Annotations

Branches:
Dungeon (4/15)
 Temple: D:4-7

Altars:
Cheibriados
Uskayaw

Annotations:
D:4 Ijyb


Innate Abilities, Weirdness & Mutations

You are very small and have problems with some larger weapons.
You are too small for most types of armour.
You have supernaturally acute eyesight. (SInv)
You cover ground extremely quickly. (Speed+++)
Your flesh is cold resistant. (rC+)
You are dopey. (Int -2)
Your spells are a little harder to cast, but a little more powerful.


Message History

The scorpion stings itself!
You hit the scorpion.
The scorpion looks as sick as possible!
The scorpion is severely wounded.
You are too injured to fight recklessly!
You are too injured to fight recklessly!
You hit the scorpion.
The scorpion looks as sick as possible!
The scorpion is almost dead.
You kill the scorpion!
Your Spellcasting skill increases to level 5!
You have reached level 5!
You feel clever.
Okay, then.
Unknown command.
Found a scroll of teleportation.
l - 2 scrolls of teleportation (gained 1)
A hobgoblin comes into view.
The hobgoblin shouts!
You hear a shout!
The hobgoblin shouts!
You hit the hobgoblin.
The hobgoblin is poisoned.
The hobgoblin is moderately wounded.
Ijyb the Twisted Goblin comes into view.
She is wielding a +0 club and carrying a wand of acid (4).
The hobgoblin hits you.
You catch the helpless hobgoblin completely off-guard!
You puncture the hobgoblin!
You kill the hobgoblin!
Found a stone staircase leading down.
You flicker for a moment.
Found a stone staircase leading up.
An iguana comes into view.
Ijyb closely misses you.
You are too injured to fight recklessly!
You are too injured to fight recklessly!
You are too injured to fight recklessly!
You closely miss Ijyb. You barely miss Ijyb.
You flicker back into view.
The iguana hisses angrily.
Ijyb zaps a wand.
The bolt of acid hits you!!
Ouch! That really hurt!
You die...

#....###.#........
#....#...#........
#....#............
#....########.####
#>...#######..#
##............##
######.......#######
#........##...#
#.....g@.##.#....
#........##.#####
#........##..
#...l.....##.
#.......... ..
##########.. ###


You could see Ijyb and an iguana.

Vanquished Creatures
  A scorpion (D:4)
  An orc wizard (D:3)
  Robin (D:3)
  An adder (D:4)
  2 dart slugs
  2 orcs (D:3)
  6 endoplasms
  7 giant cockroaches
  10 goblins
  7 hobgoblins
  2 jackals (D:1)
  5 kobolds
  3 quokkas
  8 ball pythons
  7 bats
  2 frilled lizards (D:1)
  4 rats
69 creatures vanquished.

Notes
Turn   | Place    | Note
-------+----------+-------------------------------------------
     0 | D:1      | Kizar the Spriggan Enchanter began the quest for the Orb.
     0 | D:1      | Reached XP level 1. HP: 9/9 MP: 5/5
   436 | D:1      | Reached XP level 2. HP: 10/13 MP: 7/7
   443 | D:1      | Learned a level 2 spell: Ensorcelled Hibernation
  1062 | D:1      | Reached XP level 3. HP: 16/16 MP: 9/9
  1066 | D:1      | Learned a level 3 spell: Tukima's Dance
  1070 | D:1      | Learned a level 3 spell: Confusing Touch
  1296 | D:2      | Gained mutation: You tend to lose your temper in combat.
                  | [potion of mutation]
  1297 | D:2      | Lost mutation: You tend to lose your temper in combat.
                  | [potion of mutation]
  1297 | D:2      | Gained mutation: Your spells are a little harder to cast,
                  | but a little more powerful. [potion of mutation]
  1297 | D:2      | Gained mutation: You are dopey. (Int -2) [potion of
                  | mutation]
  1297 | D:2      | Gained mutation: Your flesh is cold resistant. (rC+)
                  | [potion of mutation]
  2136 | D:3      | Reached XP level 4. HP: 21/21 MP: 11/11
  2138 | D:3      | Reached skill level 5 in Hexes
  2421 | D:3      | Found a snail-covered altar of Cheibriados.
  2788 | D:3      | Found a hide-covered altar of Uskayaw.
  3036 | D:3      | Noticed Robin
  3065 | D:3      | Killed Robin
  3520 | D:4      | Noticed a scorpion
  3546 | D:4      | Killed a scorpion
  3547 | D:4      | Reached skill level 5 in Spellcasting
  3547 | D:4      | Reached XP level 5. HP: 12/24 MP: 3/13
  3573 | D:4      | Noticed Ijyb
  3585 | D:4      | Killed from afar by Ijyb

Illustrated notes

Levels and vault maps discovered:
D:1:      kilobyte_arrival_exit_the_forest, layout_basic
D:2:      layout_loops_corners, grunt_decor_junction
D:3:      layout_basic, mainiacjoe_overflow_cross_hatched,
          lemuel_coloured_pillars_altar, uniq_robin
D:4:      layout_rooms, nemelex_diamond_rough_becter, enter_ossuary_1,
          uniq_menkaure, uniq_ijyb

Skill      XL: |  1  2  3  4 |
---------------+-------------+-----
Spellcasting   | 3 4 5 |  5.2
Hexes          | 4 5 |  5.8
Short Blades   | |  1.1
Dodging        | |  2.6
Stealth        | |  4.4

Action                   |  1- 3 |  4- 6 || total
-------------------------+-------+-------++-------
Melee: Dagger            |   111 |    67 ||   178
       Punch             |       |     1 ||     1
 Cast: Ensorcelled Hiber |     4 |     5 ||     9
       Confusing Touch   |       |     1 ||     1
  Use: Scroll            |     5 |     6 ||    11
       Potion            |     2 |     1 ||     3
 Stab: Sleeping          |    19 |     6 ||    25
       Invisible         |       |     2 ||     2
       Distracted        |       |     1 ||     1
Armor: Robe              |    13 |     7 ||    20
Dodge: Dodged            |    95 |    44 ||   139

Table legend: (Time is in decaauts)
 A = Elapsed time spent in this place.
 B = Non-inter-level travel time spent in this place.
 C = Inter-level travel time spent in this place.
 D = Time resting spent in this place.
 E = Time spent auto-exploring this place.
 F = Levels seen in this place.
 G = Mean time per level.
                   A        B        C        D        E       F      G
               +--------+--------+--------+--------+--------+-----+--------+
         Total |   2517 |   2447 |     70 |      0 |   1994 |   4 |  629.2 |
       Dungeon |   2517 |   2447 |     70 |      0 |   1994 |   4 |  629.2 |
               +--------+--------+--------+--------+--------+-----+--------+

Top non-repeatable levels by time:
     D:1: 953 daAuts
     D:3: 952 daAuts
     D:2: 565 daAuts
     D:4: 45 daAuts
